 Dungeon Crawl Stone Soup version 0.20-a0-991-g93344ec (webtiles) character file.

322 Ordine the Sneak (level 6, -10/45 HPs)
             Began as an Octopode Transmuter on Apr 11, 2017.
             Mangled by Aksej's ghost (19 damage)
             ... in an ossuary.
             The game lasted 00:08:58 (3897 turns).

Ordine the Sneak (Octopode Transmuter)              Turns: 3897, Time: 00:08:59

Health: -10/45     AC:  6    Str: 13 (14) XL:     6   Next: 47%
Magic:  9/12       EV: 10    Int: 19 (22) God:
Gold:   101        SH:  0    Dex: 12 (13) Spells: 6/13 levels left

rFire    x . .     SeeInvis .     - Unarmed
rCold    + + +     Gourm    .   (shield currently unavailable)
rNeg     . . .     Faith    .   (helmet currently unavailable)
rPois    +         Spirit   .   (no amulet)
rElec    .         Reflect  .   (no ring)
rCorr    .         Harm     .   (no ring)
MR       .....                  (no ring)
Stlth    ++........             (no ring)
Regen    0.2/turn               (no ring)
MPRegen  0.2/turn               (no ring)
                                (no ring)
                                (no ring)

@: mighty, brilliant, ice-form
A: almost no armour, stealthy swim, amphibious, 8 rings, (constrict 8)
a: End Transformation


You were in an ossuary.
You were not hungry.
You were a creature of crystalline ice.
You visited 1 branch of the dungeon, and saw 4 of its levels.
You also visited: Ossuary.

You collected 101 gold pieces.

Inventory:

Missiles
 a - 134 stones (quivered)
Armour
 h - a +1 buckler
Jewellery
 p - an uncursed ring of stealth {unknown}
Wands
 k - a wand of flame (13/48)
Scrolls
 j - a scroll of teleportation
Potions
 d - a potion of mutation
 e - 2 potions of curing
 g - 2 potions of cancellation
 q - a potion of degeneration
Books
 b - a book of Changes

   Spells                             Type                      Level
   a - Beastly Appendage              Transmutation                1
   b - Sticks to Snakes               Transmutation                2
   c - Spider Form                    Transmutation/Poison         3
   d - Ice Form                       Ice/Transmutation            4
   e - Blade Hands                    Transmutation                5
 o - a book of Cantrips

   Spells                             Type                      Level
   a - Confusing Touch                Hexes                        1
   b - Animate Skeleton               Necromancy                   1
   c - Summon Small Mammal            Summoning                    1
   d - Apportation                    Translocation                1
Comestibles
 c - a bread ration
 f - 2 meat rations
 m - a royal jelly


   Skills:
 - Level 1.0 Fighting
 - Level 2.0 Dodging
 + Level 4.1 Stealth
 + Level 4.1 Unarmed Combat
 * Level 4.0 Spellcasting
 + Level 3.2 Transmutations


You had 6 spell levels left.
You knew the following spells:

 Your Spells              Type           Power        Failure   Level  Hunger
a - Spider Form           Tmut/Pois      ###.......   2%          3    ###....
b - Ice Form              Ice/Tmut       ###.....     13%         4    ####...


Dungeon Overview and Level Annotations

Branches:
Dungeon (4/15)
 Temple: D:4-7

Altars:
Sif Muna

Annotations:
Ossuary Aksej's ghost, novice DsGl


Innate Abilities, Weirdness & Mutations

You cannot wear most types of armour.
You are very stealthy in the water. (Stealth+)
You are amphibious.
You can wear up to eight rings at the same time.
((You can use your tentacles to constrict eight enemies at once.))
((Your skin changes colour to match your surroundings (Stealth+).))
((Your rubbery body absorbs attacks. (AC +1, EV +1)))


Message History

You punch the mummy!
You destroy the mummy!
You barely miss Aksej's ghost.
Aksej's ghost is moderately damaged.
You pummel the mummy!! You freeze the mummy.
You destroy the mummy!
You barely miss Aksej's ghost.
Aksej's ghost is moderately damaged.
Aksej's ghost hits you but does no damage.
You hit Aksej's ghost. You freeze Aksej's ghost.
Aksej's ghost is moderately damaged.
Aksej's ghost hits you.
You barely miss Aksej's ghost.
Aksej's ghost is moderately damaged.
Aksej's ghost hits you.
* * * LOW HITPOINT WARNING * * *
You punch Aksej's ghost! You freeze Aksej's ghost.
Aksej's ghost is heavily damaged.
Aksej's ghost hits you!!
You die...

##.....## ##.+
##.......###..#
#.........#...+
+....⌠....'...#
#.........#...+
#.......###..###
##.....## ##.'.#
###'### #W# #.#
##Y## ##.##
#..?# #.∩.#
#...# #.∩.#
##### #####


You could see Aksej's ghost.

Vanquished Creatures
  A phantom (D:3)
  An orc priest (D:3)
  5 mummies (Ossuary)
  4 adders
  An ooze (D:1)
  2 leopard geckos
  9 orcs (D:3)
  2 giant cockroaches
  11 goblins
  7 hobgoblins
  10 jackals
  9 kobolds
  A ball python (D:1)
  13 bats
  6 frilled lizards
  An orc zombie (Ossuary)
  6 rats
89 creatures vanquished.

Notes
Turn   | Place    | Note
-------+----------+-------------------------------------------
     0 | D:1      | Ordine the Octopode Transmuter began the quest for the Orb.
     0 | D:1      | Reached XP level 1. HP: 13/13 MP: 3/3
   481 | D:1      | Reached skill level 1 in Stealth
   501 | D:1      | Reached XP level 2. HP: 16/18 MP: 5/5
  1050 | D:1      | Reached XP level 3. HP: 19/23 MP: 6/6
  1573 | D:2      | Learned a level 3 spell: Spider Form
  2196 | D:2      | Reached XP level 4. HP: 25/28 MP: 8/8
  3049 | D:3      | Reached XP level 5. HP: 22/33 MP: 5/10
  3168 | D:3      | Noticed a phantom
  3455 | D:3      | Killed a phantom
  3455 | D:3      | Reached XP level 6. HP: 29/38 MP: 5/11
  3461 | D:3      | Learned a level 4 spell: Ice Form
  3714 | D:3      | Found a deep blue altar of Sif Muna.
  3802 | D:4      | Found a sand-covered staircase.
  3812 | Ossuary  | Entered an ossuary
  3868 | Ossuary  | Noticed Aksej's ghost (novice DsGl)
  3897 | Ossuary  | Mangled by Aksej's ghost

Vault maps used:
D:1:      dpeg_arrival_tiny_a
D:2:      minmay_randomly_rotated_circles
D:3:      lemuel_blue_sif_altar
D:4:      grunt_gozag_breadcrumbs, grunt_temple_overflow_open, temple_fountains,
          lightli_ossuary_entry_decrepit_ruins, first_bread
Ossuary:  ossuary_crypta

Skill      XL: |  1  2  3  4  5  6 |
---------------+-------------------+-----
Stealth        | 1 2 3 4 |  4.1
Spellcasting   | 3 4 |  4.0
Unarmed Combat | 4 |  4.1
Transmutations | 3 |  3.2
Fighting       | |  1.0
Dodging        | |  2.0

Action                   |  1- 3 |  4- 6 || total
-------------------------+-------+-------++-------
Melee: Unarmed           |   100 |   144 ||   244
       Constrict         |    22 |    21 ||    43
       Tentacles         |     5 |    10 ||    15
       Punch             |     2 |     4 ||     6
Throw: Stone             |     4 |     2 ||     6
 Cast: Spider Form       |       |     7 ||     7
       Ice Form          |       |     1 ||     1
  Use: Scroll            |     6 |     3 ||     9
       Potion            |       |     4 ||     4
 Stab: Sleeping          |     6 |     5 ||    11
       Distracted        |       |     1 ||     1
  Eat: Chunk             |     4 |     4 ||     8
       Bread ration      |       |     1 ||     1
Armor: Skin              |     9 |     8 ||    17
Dodge: Dodged            |    61 |    84 ||   145
